 Dungeon Crawl Stone Soup version 0.18.1-50-g88ac8fd (console) character file.

460 CALLOUS the Ducker (level 6, 0/43 HPs)
             Began as a High Elf Monk on Feb 1, 2019.
             Slain by an orc
             ... wielding a +0 flail
              (6 damage)
             ... on level 5 of the Dungeon.
             The game lasted 02:04:41 (6545 turns).

CALLOUS the Ducker (High Elf Monk)                  Turns: 6545, Time: 02:04:41

Health: 0/43       AC:  7    Str: 12    XL:     6   Next: 78%
Magic:  12/12      EV: 14    Int: 13    God:
Gold:   180        SH:  0    Dex: 19    Spells: 0 memorised, 11 levels left

rFire  . . .     SeeInvis .       - Unarmed
rCold  + . .     Gourm    .     B - +2 ring mail {rC+}
rNeg   . . .     Faith    .     (no shield)
rPois  .         Spirit   .     (no helmet)
rElec  .         Dismiss  .     (no cloak)
rCorr  .         Reflect  .     (no gloves)
SustAt .         Harm     .     (no boots)
MR     .....                    (no amulet)
Stlth  ++........               (no ring)
                                (no ring)

@: starving, not resistant to hostile enchantments, unstealthy
A: no striking features
a: no special abilities


You were on level 5 of the Dungeon.
You were starving.

You visited 1 branch of the dungeon, and saw 5 of its levels.

You collected 180 gold pieces.

Inventory:

Hand Weapons
 y - a +0 spear
 z - a +1 vampiric dagger
 D - a +0 spear
 G - a +0 trident
 M - a +0 halberd
 O - a +0 halberd
Missiles
 o - 70 stones
 u - 3 tomahawks (quivered)
Armour
 B - a +2 ring mail of cold resistance (worn)
 R - a +1 robe of magic resistance
 S - a +1 plate armour of fire resistance
Jewellery
 q - a cursed -2 ring of evasion {unknown}
 t - an uncursed ring of protection from fire {unknown}
 I - a cursed ring of loudness {unknown}
Wands
 K - a wand of paralysis (0/24)
Scrolls
 g - a scroll of teleportation {unknown}
 l - 3 scrolls of identify {unknown}
 m - a scroll of amnesia {unknown}
 v - a scroll of fog {unknown}
 w - 5 scrolls of remove curse {unknown}
 L - 3 scrolls of recharging {unknown}
 Q - a scroll of random uselessness {unknown}
Potions
 j - 4 potions of curing {unknown}
 k - a potion of flight {unknown}
 r - a potion of cure mutation {unknown}
 x - a potion of beneficial mutation {unknown}
 C - a potion of lignification {unknown}
 E - 2 potions of agility {unknown}
 J - a potion of might {unknown}
Comestibles
 b - 3 bread rations
 i - 4 meat rations
 n - 2 slices of pizza


   Skills:
 + Level 4.0 Fighting
 * Level 6.3 Dodging
 + Level 3.8 Stealth
 - Level 3.2 Unarmed Combat
 * Level 3.3 Spellcasting
 + Level 0.2 Evocations


You had 11 spell levels left.
You didn't know any spells.

Dungeon Overview and Level Annotations

Branches:
Dungeon (5/15)
 Temple: D:4-7

Altars:
Pakellas
Trog

Shops:
D:4 [

Annotations:
D:1 1 exclusion
D:2 1 exclusion
D:3 4mowED, exclusions: moth of wrath and 1 more exclusion
D:4 5sEDscytheoffreezingrobe, Sigmund


Message History

The orc hits you with a flail.
You completely miss the orc. The orc closely misses you.
You barely miss the orc. The orc misses you.
You hit the orc but do no damage. The orc completely misses you.
You hit the orc but do no damage. The orc hits you with a flail.
You closely miss the orc. The orc completely misses you.
Your ring mail prevents you from hitting the orc.
The orc barely misses you.
You barely miss the orc. The orc completely misses you.
The orc hits you with a flail.
You hit the orc but do no damage. The orc barely misses you.
You hit the orc but do no damage. The orc hits you but does no damage.
You barely miss the orc. The orc hits you with a flail!
* * * LOW HITPOINT WARNING * * *
Zapping:
K - a wand of paralysis {zapped: 9} (will waste charges)
Press: ? - help, Shift-Dir - straight line, f/p - orc
Aim: an orc, wielding a flail and wearing a chain mail (berserk, fast, unusually strong, chance to defeat MR: 81%) Nothing appears to happen.
The orc closely misses you. The orc hits you with a flail.
You die...

#.#####.## #.#####
#. #.# #.# #.# #.#
### #.# #.# ..(. ###
#.# #.# .......# #.#
#.# ...#%# #.# #.#
...# #.# #.# #(###.#
#.# #.(...######.#
#@...........#
'†._..o.############
#../..#.# #.†((.#.#
###(# #.# .(. ..#
#<. ### ##


You could see an orc (berserk).

Vanquished Creatures
  A water moccasin (D:5)
  A crimson imp (D:5)
  A hound (D:5)
  An orc priest (D:5)
  An orc wizard (D:5)
  A hound skeleton (D:5)
  2 gnolls
  8 adders
  2 oozes (D:2)
  7 worms
  2 dart slugs (D:1)
  2 giant geckos
  2 orcs
  9 bats
  5 giant cockroaches
  13 goblins
  11 hobgoblins
  A quokka (D:3)
  3 ball pythons
  8 giant newts
  A jackal skeleton (D:5)
  9 kobolds
  8 rats
99 creatures vanquished.

Notes
Turn   | Place    | Note
--------------------------------------------------------------
     0 | D:1      | CALLOUS the High Elf Monk began the quest for the Orb.
     0 | D:1      | Reached XP level 1. HP: 16/16 MP: 2/2
   297 | D:1      | Reached XP level 2. HP: 21/21 MP: 3/3
   702 | D:2      | Reached skill level 1 in Spellcasting
   722 | D:2      | Reached skill level 4 in Dodging
   866 | D:2      | Reached XP level 3. HP: 18/26 MP: 5/5
  1899 | D:2      | Reached XP level 4. HP: 31/31 MP: 7/7
  3195 | D:2      | Reached skill level 5 in Dodging
  3515 | D:3      | Noticed a moth of wrath
  3517 | D:3      | Found a bloodstained altar of Trog.
  3573 | D:3      | Reached XP level 5. HP: 36/36 MP: 9/9
  5206 | D:4      | Found Gilecisch's Armour Shoppe.
  5657 | D:4      | Noticed Sigmund
  5668 | D:5      | Entered Level 5 of the Dungeon
  5811 | D:5      | Noticed a water moccasin
  5827 | D:5      | Killed a water moccasin
  5827 | D:5      | Reached XP level 6. HP: 35/43 MP: 9/11
  6455 | D:5      | Found an oddly glowing altar of Pakellas.
  6462 | D:5      | Reached skill level 6 in Dodging
  6545 | D:5      | Slain by an orc

Skill      XL: |  1  2  3  4  5  6 |
---------------+-------------------+-----
Spellcasting   | 1 2 3 |  3.3
Dodging        | 4 5 6 |  6.3
Stealth        | 3 |  3.8
Fighting       | 4 |  4.0
Unarmed Combat | |  3.2
Evocations     | |  0.2

Action                   |  1- 3 |  4- 6 || total
-------------------------+-------+-------++-------
Melee: Unarmed           |   143 |   389 ||   532
       Punch             |     6 |     3 ||     9
Throw: Stone             |    86 |   157 ||   243
       Javelin           |       |    30 ||    30
       Tomahawk          |       |     9 ||     9
Evoke: Wand              |       |     4 ||     4
 Stab: Sleeping          |     5 |     2 ||     7
       Paralysed         |       |    12 ||    12
  Eat: Chunk             |     3 |    13 ||    16
Armor: Robe              |    11 |     8 ||    19
       Ring mail         |       |    68 ||    68
Dodge: Dodged            |    65 |   199 ||   264
